 Dungeon Crawl Stone Soup version 0.20.1-1-g8b1a95d (webtiles) character file.

72 ReignOfFire the Ducker (level 4, 0/34 HPs)
             Began as a Demonspawn Gladiator on July 26, 2017.
             Slain by ReignOfFire's ghost (11 damage)
             ... on level 3 of the Dungeon.
             The game lasted 00:02:14 (1428 turns).

ReignOfFire the Ducker (Demonspawn Gladiator)       Turns: 1428, Time: 00:02:14

Health: 0/34       AC:  4    Str: 15    XL:     4   Next: 6%
Magic:  4/4        EV: 13    Int:  9    God:
Gold:   124        SH:  0    Dex: 15    Spells: 3/3 levels left

rFire    . . .     SeeInvis .   a - +0 long sword
rCold    . . .     Gourm    .   (no shield)
rNeg     . . .     Faith    .   b - +0 leather armour
rPois    .         Spirit   .   c - +0 helmet
rElec    .         Reflect  .   (no cloak)
rCorr    .         Harm     .   (no gloves)
MR       .....                  (no boots)
Stlth    +++.......             (no amulet)
Regen    0.2/turn               (no ring)
MPRegen  0.1/turn               (no ring)

@: no status effects
A: nightstalker 1, spiny 1
a: no special abilities


You were on level 3 of the Dungeon.
You were hungry.

You visited 1 branch of the dungeon, and saw 3 of its levels.

You collected 124 gold pieces.

Inventory:

Hand Weapons
 a - a +0 long sword (weapon)
Missiles
 d - 3 throwing nets (quivered)
Armour
 b - a +0 leather armour (worn)
 c - a +0 helmet (worn)
 m - a +0 hat
Wands
 p - a wand of paralysis (6/24)
Scrolls
 e - a scroll of fog {unknown}
 h - 2 scrolls of blinking {unknown}
 i - 2 scrolls of teleportation {unknown}
 j - 2 scrolls of remove curse {unknown}
 k - a scroll of identify {unknown}
 n - a scroll of noise {unknown}
 o - a scroll of amnesia {unknown}
Comestibles
 f - 3 bread rations
 g - 2 meat rations


   Skills:
 + Level 2.3 Fighting
 + Level 3.3 Long Blades
 + Level 1.7 Throwing
 + Level 0.6 Armour
 + Level 3.3 Dodging
 + Level 1.2 Stealth


You had 3 spell levels left.
You didn't know any spells.

Dungeon Overview and Level Annotations

Branches:
Dungeon (3/15)

Altars:

Annotations:
D:3 ReignOfFire's ghost, weakling DsGl


Innate Abilities, Weirdness & Mutations

You are slightly more attuned to the shadows.
You are partially covered in sharp spines.


Message History

You are too injured to fight recklessly!
You are too injured to fight recklessly!
You are too injured to fight recklessly!
You are too injured to fight recklessly!
You are too injured to fight recklessly!
You are too injured to fight recklessly!
You are too injured to fight recklessly!
You are too injured to fight recklessly!
You are too injured to fight recklessly!
You are too injured to fight recklessly!
Unknown command.
It was a potion of curing.
You feel better. ReignOfFire's ghost hits you.
You hit ReignOfFire's ghost but do no damage.
ReignOfFire's ghost is moderately damaged.
ReignOfFire's ghost hits you!
* * * LOW HITPOINT WARNING * * *
Unknown command.
There is a stone staircase leading down here.
ReignOfFire's ghost hits you!
You die...

(...#.##....#
#.#.####
...........###%).....
#........#.##.#
#.......###..##
#......## ##.#
#.####.......###.##
#....<......#.#.##
#######....>#..###..
##...@Wl.....#
#.####.####..# #.#
#.# . #.# #.# #.# #.#
.# #.# #.#


You could see ReignOfFire's ghost and a leopard gecko.

Vanquished Creatures
  3 adders (D:2)
  A worm (D:2)
  2 dart slugs
  A leopard gecko (D:1)
  10 bats
  A giant cockroach (D:2)
  5 hobgoblins
  2 quokkas (D:2)
  A ball python (D:2)
  2 frilled lizards (D:2)
  3 goblins
  3 kobolds
  5 rats
39 creatures vanquished.

Notes
Turn   | Place    | Note
-------+----------+-------------------------------------------
     0 | D:1      | ReignOfFire the Demonspawn Gladiator began the quest for the Orb.
     0 | D:1      | Reached XP level 1. HP: 16/16 MP: 1/1
    63 | D:1      | Gained mutation: You are slightly more attuned to the shadows. [demonic ancestry]
    63 | D:1      | Reached XP level 2. HP: 10/22 MP: 2/2
   573 | D:2      | Gained mutation: You are partially covered in sharp spines. [demonic ancestry]
   573 | D:2      | Reached XP level 3. HP: 10/27 MP: 3/3
  1237 | D:2      | Reached skill level 1 in Stealth
  1254 | D:2      | Reached XP level 4. HP: 18/34 MP: 4/4
  1406 | D:3      | Noticed ReignOfFire's ghost (weakling DsGl)
  1428 | D:3      | Slain by ReignOfFire's ghost

Skill      XL: |  1  2  3 |
---------------+----------+-----
Dodging        | 3 |  3.3
Long Blades    | 3 |  3.3
Stealth        | 1 |  1.2
Fighting       | |  2.3
Throwing       | |  1.7
Armour         | |  0.6

Action                   |  1- 3 |  4- 6 || total
-------------------------+-------+-------++-------
Melee: Long sword        |    86 |    14 ||   100
  Use: Potion            |       |     1 ||     1
 Stab: Sleeping          |     8 |     2 ||    10
  Eat: Chunk             |     1 |       ||     1
Armor: Leather armour    |    28 |     4 ||    32
Dodge: Dodged            |    86 |    10 ||    96
       Rpst.: Long sword |    23 |     3 ||    26
